Workbook
Name ___xlfn_COUNTIFS: NA()
Name ___xlfn_CUBESETCOUNT: NA()
Name __xlfn_COUNTIFS: NA()
Name __xlfn_CUBESETCOUNT: NA()
Name _tap100: "!"
Name ALPHA: #REF!
Name BDI: ORÇAMENTO!$M$9
Name BETA: #REF!
Name DESON: #REF!
Name GAMA: #REF!
Name GUI: 'COMPOSIÇÕES REDE'!$L$6
Name HFGTS: #REF!
Name HINCRA: #REF!
Name HINSS: #REF!
Name HSALEDU: #REF!
Name HSEBRAE: #REF!
Name HSECONCI: #REF!
Name HSEGCO: #REF!
Name HSENAI: #REF!
Name HSESI: #REF!
Name LAMBDA: "A Administração Local deverá ser discriminada na planilha de custos diretos com os percentuais regido pelo ACÓRDÃO nº 2622/2013 do TCU - Plenário conforme a tabela abaixo para "&#REF!&":"
Name LSO: ORÇAMENTO!$M$8
Name numEventos: COUNT(OFFSET(Eventos,0,0,,1))
Name PREF: ORÇAMENTO!$M$2
Name TotalEventos: SUM(TotalPorEvento)

Sheet Adm_Placa_Mob
A1: =ORÇAMENTO!A1 -> ESTADO DO PIAUÍ | I1: UNIDADE | J1: REFERÊNCIA
A2: =ORÇAMENTO!A2 -> PREFEITURA MUNICIPAL DE CURRALINHOS | I2: un | J2: SINAPI
I3: m² | J3: SEINFRA-CE
E4: =ORÇAMENTO!$G$4 -> FONTES DE CUSTO: | I4: m³ | J4: DNIT-SICRO 2
A5: =ORÇAMENTO!$A$5 -> OBRA: CONSTRUÇÃO DE PRAÇA DE EVENTOS NO MUNICÍPIO DE CURRALINHOS - PI | E5: =ORÇAMENTO!$G$5 -> SINAPI : DEZEMBRO/2025 | I5: km | J5: TCPO
A6: =ORÇAMENTO!$A6 -> LOCAL: SEDE DO MUNICÍPIO | E6: =ORÇAMENTO!$G$6 -> ORSE : NOVEMBRO/2025 | I6: cj | J6: JCA
E7: =ORÇAMENTO!$G$7 -> SEINFRA-CE : 0.28/2022 | I7: cj | J7: JCA
E8: =ORÇAMENTO!$G$8 -> LSO : 113,33% -S/ DESON | K8: =25*600 -> 15000
E9: =ORÇAMENTO!$G$9 -> BDI : 21,4% | K9: =K8+#REF! -> #REF!
I10: t x km | K10: =K9/2 -> #REF!
A11: COMPOSIÇÕES DE CUSTO UNITÁRIO | I11: mês | M11: =40*2500 -> 100000
A12: MOBILIZAÇÃO E DESMOBILIZAÇÃO | E12: Fonte | F12: Código | G12: UNIDADE:
E13: SINAPI | G13: un
A14: MÃO-DE-OBRA | B14: Quant. | C14: Unid. | E14: Referência | F14: Salário hora | G14: Custo horário
A15: =UPPER(IF(DESON="COM DESONERAÇÃO",(IF($D15="SINAPI",(IF($H15="INS",(VLOOKUP($E15,#REF!,2,FALSE)),(VLOOKUP($E15,#REF!,2,FALSE)))),IF($D15="ORSE",(VLOOKUP($E15,#REF!,2,FALSE)),(VLOOKUP($E15,#REF!,2,FALSE))))),(IF($D15="SINAPI",(IF($H15="INS",(VLOOKUP($E15,#REF!,2,FALSE)),(VLOOKUP($E15,#REF!,2,FALSE)))),IF($D15="ORSE",(VLOOKUP($E15,#REF!,2,FALSE)),(VLOOKUP($E15,#REF!,2,FALSE))))))) -> #REF! | B15: 4 | C15: =UPPER(IF(DESON="COM DESONERAÇÃO",(IF($D15="SINAPI",(IF($H15="INS",(VLOOKUP($E15,#REF!,3,FALSE)),(VLOOKUP($E15,#REF!,3,FALSE)))),IF($D15="ORSE",(VLOOKUP($E15,#REF!,3,FALSE)),(VLOOKUP($E15,#REF!,3,FALSE))))),(IF($D15="SINAPI",(IF($H15="INS",(VLOOKUP($E15,#REF!,3,FALSE)),(VLOOKUP($E15,#REF!,3,FALSE)))),IF($D15="ORSE",(VLOOKUP($E15,#REF!,3,FALSE)),(VLOOKUP($E15,#REF!,3,FALSE))))))) -> #REF! | D15: SINAPI | E15: 88279 | F15: =UPPER(IF(DESON="COM DESONERAÇÃO",(IF($D15="SINAPI",(IF($H15="INS",(VLOOKUP($E15,#REF!,4,FALSE)),(VLOOKUP($E15,#REF!,4,FALSE)))),IF($D15="ORSE",(VLOOKUP($E15,#REF!,4,FALSE)),(VLOOKUP($E15,#REF!,4,FALSE))))),(IF($D15="SINAPI",(IF($H15="INS",(VLOOKUP($E15,#REF!,5,FALSE)),(VLOOKUP($E15,#REF!,5,FALSE)))),IF($D15="ORSE",(VLOOKUP($E15,#REF!,4,FALSE)),(VLOOKUP($E15,#REF!,5,FALSE))))))) -> #REF! | G15: =ROUND(B15*F15,2) -> #REF! | H15: C | I15: SINAPI | J15: =UPPER(IF(DESON="COM DESONERAÇÃO",(IF($I15="SINAPI",(IF($H15="INS",(VLOOKUP($E15,#REF!,2,FALSE)),(VLOOKUP($E15,#REF!,2,FALSE)))),IF($I15="ORSE",(VLOOKUP($E15,#REF!,2,FALSE)),(VLOOKUP($E15,#REF!,2,FALSE))))),(IF($I15="SINAPI",(IF($H15="INS",(VLOOKUP($E15,#REF!,2,FALSE)),(VLOOKUP($E15,#REF!,2,FALSE)))),IF($I15="ORSE",(VLOOKUP($E15,#REF!,2,FALSE)),(VLOOKUP($E15,#REF!,2,FALSE))))))) -> #REF!
A16: CUSTO HORÁRIO TOTAL DA MÃO-DE-OBRA C/LS [1] | G16: =SUM(G15:G15) -> #REF!
A18: Materiais e/ou serviços | B18: Quant. | C18: Unid. | E18: Referência | F18: Valor R$ | G18: Custo unitário
A19: =UPPER(IF(DESON="COM DESONERAÇÃO",(IF($D19="SINAPI",(IF($H19="INS",(VLOOKUP($E19,#REF!,2,FALSE)),(VLOOKUP($E19,#REF!,2,FALSE)))),IF($D19="ORSE",(VLOOKUP($E19,#REF!,2,FALSE)),(VLOOKUP($E19,#REF!,2,FALSE))))),(IF($D19="SINAPI",(IF($H19="INS",(VLOOKUP($E19,#REF!,2,FALSE)),(VLOOKUP($E19,#REF!,2,FALSE)))),IF($D19="ORSE",(VLOOKUP($E19,#REF!,2,FALSE)),(VLOOKUP($E19,#REF!,2,FALSE))))))) -> #REF! | B19: 4 | C19: =UPPER(IF(DESON="COM DESONERAÇÃO",(IF($D19="SINAPI",(IF($H19="INS",(VLOOKUP($E19,#REF!,3,FALSE)),(VLOOKUP($E19,#REF!,3,FALSE)))),IF($D19="ORSE",(VLOOKUP($E19,#REF!,3,FALSE)),(VLOOKUP($E19,#REF!,3,FALSE))))),(IF($D19="SINAPI",(IF($H19="INS",(VLOOKUP($E19,#REF!,3,FALSE)),(VLOOKUP($E19,#REF!,3,FALSE)))),IF($D19="ORSE",(VLOOKUP($E19,#REF!,3,FALSE)),(VLOOKUP($E19,#REF!,3,FALSE))))))) -> #REF! | D19: SINAPI | E19: 91634 | F19: =UPPER(IF(DESON="COM DESONERAÇÃO",(IF($D19="SINAPI",(IF($H19="INS",(VLOOKUP($E19,#REF!,4,FALSE)),(VLOOKUP($E19,#REF!,4,FALSE)))),IF($D19="ORSE",(VLOOKUP($E19,#REF!,4,FALSE)),(VLOOKUP($E19,#REF!,4,FALSE))))),(IF($D19="SINAPI",(IF($H19="INS",(VLOOKUP($E19,#REF!,5,FALSE)),(VLOOKUP($E19,#REF!,5,FALSE)))),IF($D19="ORSE",(VLOOKUP($E19,#REF!,4,FALSE)),(VLOOKUP($E19,#REF!,5,FALSE))))))) -> #REF! | G19: =ROUND(F19*B19,2) -> #REF! | H19: C
A20: CUSTO UNITÁRIO TOTAL DOS MATERIAIS E/OU SERVIÇOS S/BDI [2] | G20: =SUM(G19:G19) -> #REF!
H21: VALOR | I21: tipo | J21: FONTE | K21: CÓDIGO
A22: CUSTO UNITÁRIO TOTAL [1+2] = [3] | G22: =G16+G20 -> #REF! | H22: =#REF! -> #REF!
A23: ="B.D.I. = "&ROUND(BDI,2)&"% [4]" -> B.D.I. = 0% [4] | G23: =ROUND(G22*ROUND(BDI/100,2),2) -> #REF! | J23: <=====VERIFICAÇÃO
A24: PREÇO UNITÁRIO TOTAL [3+4] = [5] | G24: =G22+G23 -> #REF! | H24: =IF(H22<=1.85%,"corrigir",IF(H22>=7.45%,"corrigir","OK")) -> #REF!
A26: ADMINISTRAÇÃO LOCAL DA OBRA | E26: Fonte | F26: Código | G26: UNIDADE:
E27: S/ REF. | F27: S/C | G27: mês
A28: MÃO-DE-OBRA | B28: Quant. | C28: Unid. | E28: Referência | F28: Salário hora | G28: Custo horário
A29: =UPPER(IF(DESON="COM DESONERAÇÃO",(IF($D29="SINAPI",(IF($H29="INS",(VLOOKUP($E29,#REF!,2,FALSE)),(VLOOKUP($E29,#REF!,2,FALSE)))),IF($D29="ORSE",(VLOOKUP($E29,#REF!,2,FALSE)),(VLOOKUP($E29,#REF!,2,FALSE))))),(IF($D29="SINAPI",(IF($H29="INS",(VLOOKUP($E29,#REF!,2,FALSE)),(VLOOKUP($E29,#REF!,2,FALSE)))),IF($D29="ORSE",(VLOOKUP($E29,#REF!,2,FALSE)),(VLOOKUP($E29,#REF!,2,FALSE))))))) -> #REF! | B29: 5.8 | C29: =UPPER(IF(DESON="COM DESONERAÇÃO",(IF($D29="SINAPI",(IF($H29="INS",(VLOOKUP($E29,#REF!,3,FALSE)),(VLOOKUP($E29,#REF!,3,FALSE)))),IF($D29="ORSE",(VLOOKUP($E29,#REF!,3,FALSE)),(VLOOKUP($E29,#REF!,3,FALSE))))),(IF($D29="SINAPI",(IF($H29="INS",(VLOOKUP($E29,#REF!,3,FALSE)),(VLOOKUP($E29,#REF!,3,FALSE)))),IF($D29="ORSE",(VLOOKUP($E29,#REF!,3,FALSE)),(VLOOKUP($E29,#REF!,3,FALSE))))))) -> #REF! | D29: SINAPI | E29: 91677 | F29: =UPPER(IF(DESON="COM DESONERAÇÃO",(IF($D29="SINAPI",(IF($H29="INS",(VLOOKUP($E29,#REF!,4,FALSE)),(VLOOKUP($E29,#REF!,4,FALSE)))),IF($D29="ORSE",(VLOOKUP($E29,#REF!,4,FALSE)),(VLOOKUP($E29,#REF!,4,FALSE))))),(IF($D29="SINAPI",(IF($H29="INS",(VLOOKUP($E29,#REF!,5,FALSE)),(VLOOKUP($E29,#REF!,5,FALSE)))),IF($D29="ORSE",(VLOOKUP($E29,#REF!,4,FALSE)),(VLOOKUP($E29,#REF!,5,FALSE))))))) -> #REF! | G29: =ROUND(B29*F29,2) -> #REF! | H29: C
A30: =UPPER(IF(DESON="COM DESONERAÇÃO",(IF($D30="SINAPI",(IF($H30="INS",(VLOOKUP($E30,#REF!,2,FALSE)),(VLOOKUP($E30,#REF!,2,FALSE)))),IF($D30="ORSE",(VLOOKUP($E30,#REF!,2,FALSE)),(VLOOKUP($E30,#REF!,2,FALSE))))),(IF($D30="SINAPI",(IF($H30="INS",(VLOOKUP($E30,#REF!,2,FALSE)),(VLOOKUP($E30,#REF!,2,FALSE)))),IF($D30="ORSE",(VLOOKUP($E30,#REF!,2,FALSE)),(VLOOKUP($E30,#REF!,2,FALSE))))))) -> #REF! | B30: 16 | C30: =UPPER(IF(DESON="COM DESONERAÇÃO",(IF($D30="SINAPI",(IF($H30="INS",(VLOOKUP($E30,#REF!,3,FALSE)),(VLOOKUP($E30,#REF!,3,FALSE)))),IF($D30="ORSE",(VLOOKUP($E30,#REF!,3,FALSE)),(VLOOKUP($E30,#REF!,3,FALSE))))),(IF($D30="SINAPI",(IF($H30="INS",(VLOOKUP($E30,#REF!,3,FALSE)),(VLOOKUP($E30,#REF!,3,FALSE)))),IF($D30="ORSE",(VLOOKUP($E30,#REF!,3,FALSE)),(VLOOKUP($E30,#REF!,3,FALSE))))))) -> #REF! | D30: SINAPI | E30: 90776 | F30: =UPPER(IF(DESON="COM DESONERAÇÃO",(IF($D30="SINAPI",(IF($H30="INS",(VLOOKUP($E30,#REF!,4,FALSE)),(VLOOKUP($E30,#REF!,4,FALSE)))),IF($D30="ORSE",(VLOOKUP($E30,#REF!,4,FALSE)),(VLOOKUP($E30,#REF!,4,FALSE))))),(IF($D30="SINAPI",(IF($H30="INS",(VLOOKUP($E30,#REF!,5,FALSE)),(VLOOKUP($E30,#REF!,5,FALSE)))),IF($D30="ORSE",(VLOOKUP($E30,#REF!,4,FALSE)),(VLOOKUP($E30,#REF!,5,FALSE))))))) -> #REF! | G30: =ROUND(B30*F30,2) -> #REF! | H30: C
A31: =UPPER(IF(DESON="COM DESONERAÇÃO",(IF($D31="SINAPI",(IF($H31="INS",(VLOOKUP($E31,#REF!,2,FALSE)),(VLOOKUP($E31,#REF!,2,FALSE)))),IF($D31="ORSE",(VLOOKUP($E31,#REF!,2,FALSE)),(VLOOKUP($E31,#REF!,2,FALSE))))),(IF($D31="SINAPI",(IF($H31="INS",(VLOOKUP($E31,#REF!,2,FALSE)),(VLOOKUP($E31,#REF!,2,FALSE)))),IF($D31="ORSE",(VLOOKUP($E31,#REF!,2,FALSE)),(VLOOKUP($E31,#REF!,2,FALSE))))))) -> #REF! | B31: 16 | C31: =UPPER(IF(DESON="COM DESONERAÇÃO",(IF($D31="SINAPI",(IF($H31="INS",(VLOOKUP($E31,#REF!,3,FALSE)),(VLOOKUP($E31,#REF!,3,FALSE)))),IF($D31="ORSE",(VLOOKUP($E31,#REF!,3,FALSE)),(VLOOKUP($E31,#REF!,3,FALSE))))),(IF($D31="SINAPI",(IF($H31="INS",(VLOOKUP($E31,#REF!,3,FALSE)),(VLOOKUP($E31,#REF!,3,FALSE)))),IF($D31="ORSE",(VLOOKUP($E31,#REF!,3,FALSE)),(VLOOKUP($E31,#REF!,3,FALSE))))))) -> #REF! | D31: SINAPI | E31: 88316 | F31: =UPPER(IF(DESON="COM DESONERAÇÃO",(IF($D31="SINAPI",(IF($H31="INS",(VLOOKUP($E31,#REF!,4,FALSE)),(VLOOKUP($E31,#REF!,4,FALSE)))),IF($D31="ORSE",(VLOOKUP($E31,#REF!,4,FALSE)),(VLOOKUP($E31,#REF!,4,FALSE))))),(IF($D31="SINAPI",(IF($H31="INS",(VLOOKUP($E31,#REF!,5,FALSE)),(VLOOKUP($E31,#REF!,5,FALSE)))),IF($D31="ORSE",(VLOOKUP($E31,#REF!,4,FALSE)),(VLOOKUP($E31,#REF!,5,FALSE))))))) -> #REF! | G31: =ROUND(B31*F31,2) -> #REF! | H31: C
A32: =UPPER(IF(DESON="COM DESONERAÇÃO",(IF($D32="SINAPI",(IF($H32="INS",(VLOOKUP($E32,#REF!,2,FALSE)),(VLOOKUP($E32,#REF!,2,FALSE)))),IF($D32="ORSE",(VLOOKUP($E32,#REF!,2,FALSE)),(VLOOKUP($E32,#REF!,2,FALSE))))),(IF($D32="SINAPI",(IF($H32="INS",(VLOOKUP($E32,#REF!,2,FALSE)),(VLOOKUP($E32,#REF!,2,FALSE)))),IF($D32="ORSE",(VLOOKUP($E32,#REF!,2,FALSE)),(VLOOKUP($E32,#REF!,2,FALSE))))))) -> #REF! | B32: 16 | C32: =UPPER(IF(DESON="COM DESONERAÇÃO",(IF($D32="SINAPI",(IF($H32="INS",(VLOOKUP($E32,#REF!,3,FALSE)),(VLOOKUP($E32,#REF!,3,FALSE)))),IF($D32="ORSE",(VLOOKUP($E32,#REF!,3,FALSE)),(VLOOKUP($E32,#REF!,3,FALSE))))),(IF($D32="SINAPI",(IF($H32="INS",(VLOOKUP($E32,#REF!,3,FALSE)),(VLOOKUP($E32,#REF!,3,FALSE)))),IF($D32="ORSE",(VLOOKUP($E32,#REF!,3,FALSE)),(VLOOKUP($E32,#REF!,3,FALSE))))))) -> #REF! | D32: SINAPI | E32: 88284 | F32: =UPPER(IF(DESON="COM DESONERAÇÃO",(IF($D32="SINAPI",(IF($H32="INS",(VLOOKUP($E32,#REF!,4,FALSE)),(VLOOKUP($E32,#REF!,4,FALSE)))),IF($D32="ORSE",(VLOOKUP($E32,#REF!,4,FALSE)),(VLOOKUP($E32,#REF!,4,FALSE))))),(IF($D32="SINAPI",(IF($H32="INS",(VLOOKUP($E32,#REF!,5,FALSE)),(VLOOKUP($E32,#REF!,5,FALSE)))),IF($D32="ORSE",(VLOOKUP($E32,#REF!,4,FALSE)),(VLOOKUP($E32,#REF!,5,FALSE))))))) -> #REF! | G32: =ROUND(B32*F32,2) -> #REF! | H32: C
A33: =UPPER(IF(DESON="COM DESONERAÇÃO",(IF($D33="SINAPI",(IF($H33="INS",(VLOOKUP($E33,#REF!,2,FALSE)),(VLOOKUP($E33,#REF!,2,FALSE)))),IF($D33="ORSE",(VLOOKUP($E33,#REF!,2,FALSE)),(VLOOKUP($E33,#REF!,2,FALSE))))),(IF($D33="SINAPI",(IF($H33="INS",(VLOOKUP($E33,#REF!,2,FALSE)),(VLOOKUP($E33,#REF!,2,FALSE)))),IF($D33="ORSE",(VLOOKUP($E33,#REF!,2,FALSE)),(VLOOKUP($E33,#REF!,2,FALSE))))))) -> #REF! | B33: 16 | C33: =UPPER(IF(DESON="COM DESONERAÇÃO",(IF($D33="SINAPI",(IF($H33="INS",(VLOOKUP($E33,#REF!,3,FALSE)),(VLOOKUP($E33,#REF!,3,FALSE)))),IF($D33="ORSE",(VLOOKUP($E33,#REF!,3,FALSE)),(VLOOKUP($E33,#REF!,3,FALSE))))),(IF($D33="SINAPI",(IF($H33="INS",(VLOOKUP($E33,#REF!,3,FALSE)),(VLOOKUP($E33,#REF!,3,FALSE)))),IF($D33="ORSE",(VLOOKUP($E33,#REF!,3,FALSE)),(VLOOKUP($E33,#REF!,3,FALSE))))))) -> #REF! | D33: SINAPI | E33: 88326 | F33: =UPPER(IF(DESON="COM DESONERAÇÃO",(IF($D33="SINAPI",(IF($H33="INS",(VLOOKUP($E33,#REF!,4,FALSE)),(VLOOKUP($E33,#REF!,4,FALSE)))),IF($D33="ORSE",(VLOOKUP($E33,#REF!,4,FALSE)),(VLOOKUP($E33,#REF!,4,FALSE))))),(IF($D33="SINAPI",(IF($H33="INS",(VLOOKUP($E33,#REF!,5,FALSE)),(VLOOKUP($E33,#REF!,5,FALSE)))),IF($D33="ORSE",(VLOOKUP($E33,#REF!,4,FALSE)),(VLOOKUP($E33,#REF!,5,FALSE))))))) -> #REF! | G33: =ROUND(B33*F33,2) -> #REF! | H33: C
A34: CUSTO HORÁRIO TOTAL DA MÃO-DE-OBRA C/LS [1] | G34: =SUM(G29:G33) -> #REF!
A36: Materiais e/ou serviços | B36: Quant. | C36: Unid. | E36: Referência | F36: Valor R$ | G36: Custo unitário
A37: =UPPER(IF(DESON="COM DESONERAÇÃO",(IF($D37="SINAPI",(IF($H37="INS",(VLOOKUP($E37,#REF!,2,FALSE)),(VLOOKUP($E37,#REF!,2,FALSE)))),IF($D37="ORSE",(VLOOKUP($E37,#REF!,2,FALSE)),(VLOOKUP($E37,#REF!,2,FALSE))))),(IF($D37="SINAPI",(IF($H37="INS",(VLOOKUP($E37,#REF!,2,FALSE)),(VLOOKUP($E37,#REF!,2,FALSE)))),IF($D37="ORSE",(VLOOKUP($E37,#REF!,2,FALSE)),(VLOOKUP($E37,#REF!,2,FALSE))))))) -> #REF! | B37: =B32 -> 16 | C37: =UPPER(IF(DESON="COM DESONERAÇÃO",(IF($D37="SINAPI",(IF($H37="INS",(VLOOKUP($E37,#REF!,3,FALSE)),(VLOOKUP($E37,#REF!,3,FALSE)))),IF($D37="ORSE",(VLOOKUP($E37,#REF!,3,FALSE)),(VLOOKUP($E37,#REF!,3,FALSE))))),(IF($D37="SINAPI",(IF($H37="INS",(VLOOKUP($E37,#REF!,3,FALSE)),(VLOOKUP($E37,#REF!,3,FALSE)))),IF($D37="ORSE",(VLOOKUP($E37,#REF!,3,FALSE)),(VLOOKUP($E37,#REF!,3,FALSE))))))) -> #REF! | D37: ORSE | E37: 5896 | F37: =UPPER(IF(DESON="COM DESONERAÇÃO",(IF($D37="SINAPI",(IF($H37="INS",(VLOOKUP($E37,#REF!,4,FALSE)),(VLOOKUP($E37,#REF!,4,FALSE)))),IF($D37="ORSE",(VLOOKUP($E37,#REF!,4,FALSE)),(VLOOKUP($E37,#REF!,4,FALSE))))),(IF($D37="SINAPI",(IF($H37="INS",(VLOOKUP($E37,#REF!,5,FALSE)),(VLOOKUP($E37,#REF!,5,FALSE)))),IF($D37="ORSE",(VLOOKUP($E37,#REF!,4,FALSE)),(VLOOKUP($E37,#REF!,5,FALSE))))))) -> #REF! | G37: =ROUND(F37*B37,2) -> #REF! | H37: INS
A38: CUSTO UNITÁRIO TOTAL DOS MATERIAIS E/OU SERVIÇOS S/BDI [2] | G38: =SUM(G37:G37) -> #REF! | I38: =E27 -> S/ REF. | J38: =F27 -> S/C
H39: VALOR
A40: CUSTO UNITÁRIO TOTAL [1+2] = [3] | G40: =G34+G38 -> #REF! | H40: =#REF! -> #REF!
A41: ="B.D.I. = "&ROUND(BDI,2)&"% [4]" -> B.D.I. = 0% [4] | G41: =ROUND(G40*(ROUND(BDI,2)%),2) -> #REF! | I41: =#REF! -> #REF!
A42: PREÇO UNITÁRIO TOTAL [3+4] = [5] | G42: =G40+G41 -> #REF! | H42: =IF(H40<=1.85%,"corrigir",IF(H40>=7.45%,"corrigir","OK")) -> #REF! | I42: =#REF! -> #REF!
A44: AQUISIÇÃO E ASSENTAMENTO DE PLACA DA OBRA EM CHAPA DE AÇO GALVANIZADO 3,20X2,00 M | E44: Fonte | F44: Código | G44: UNIDADE:
E45: SINAPI | F45: 74209/001 | G45: un
A46: MÃO-DE-OBRA | B46: Quant. | C46: Unid. | E46: Referência | F46: Salário hora | G46: Custo horário
A47: =UPPER(IF(DESON="COM DESONERAÇÃO",(IF($D47="SINAPI",(IF($H47="INS",(VLOOKUP($E47,#REF!,2,FALSE)),(VLOOKUP($E47,#REF!,2,FALSE)))),IF($D47="ORSE",(VLOOKUP($E47,#REF!,2,FALSE)),(VLOOKUP($E47,#REF!,2,FALSE))))),(IF($D47="SINAPI",(IF($H47="INS",(VLOOKUP($E47,#REF!,2,FALSE)),(VLOOKUP($E47,#REF!,2,FALSE)))),IF($D47="ORSE",(VLOOKUP($E47,#REF!,2,FALSE)),(VLOOKUP($E47,#REF!,2,FALSE))))))) -> #REF! | B47: 6.113 | C47: =UPPER(IF(DESON="COM DESONERAÇÃO",(IF($D47="SINAPI",(IF($H47="INS",(VLOOKUP($E47,#REF!,3,FALSE)),(VLOOKUP($E47,#REF!,3,FALSE)))),IF($D47="ORSE",(VLOOKUP($E47,#REF!,3,FALSE)),(VLOOKUP($E47,#REF!,3,FALSE))))),(IF($D47="SINAPI",(IF($H47="INS",(VLOOKUP($E47,#REF!,3,FALSE)),(VLOOKUP($E47,#REF!,3,FALSE)))),IF($D47="ORSE",(VLOOKUP($E47,#REF!,3,FALSE)),(VLOOKUP($E47,#REF!,3,FALSE))))))) -> #REF! | D47: SINAPI | E47: 88262 | F47: =UPPER(IF(DESON="COM DESONERAÇÃO",(IF($D47="SINAPI",(IF($H47="INS",(VLOOKUP($E47,#REF!,4,FALSE)),(VLOOKUP($E47,#REF!,4,FALSE)))),IF($D47="ORSE",(VLOOKUP($E47,#REF!,4,FALSE)),(VLOOKUP($E47,#REF!,4,FALSE))))),(IF($D47="SINAPI",(IF($H47="INS",(VLOOKUP($E47,#REF!,5,FALSE)),(VLOOKUP($E47,#REF!,5,FALSE)))),IF($D47="ORSE",(VLOOKUP($E47,#REF!,4,FALSE)),(VLOOKUP($E47,#REF!,5,FALSE))))))) -> #REF! | G47: =ROUND(B47*F47,2) -> #REF! | H47: C | I47: SINAPI | J47: =UPPER(IF(DESON="COM DESONERAÇÃO",(IF($I47="SINAPI",(IF($H47="INS",(VLOOKUP($E47,#REF!,2,FALSE)),(VLOOKUP($E47,#REF!,2,FALSE)))),IF($I47="ORSE",(VLOOKUP($E47,#REF!,2,FALSE)),(VLOOKUP($E47,#REF!,2,FALSE))))),(IF($I47="SINAPI",(IF($H47="INS",(VLOOKUP($E47,#REF!,2,FALSE)),(VLOOKUP($E47,#REF!,2,FALSE)))),IF($I47="ORSE",(VLOOKUP($E47,#REF!,2,FALSE)),(VLOOKUP($E47,#REF!,2,FALSE))))))) -> #REF!
A48: =UPPER(IF(DESON="COM DESONERAÇÃO",(IF($D48="SINAPI",(IF($H48="INS",(VLOOKUP($E48,#REF!,2,FALSE)),(VLOOKUP($E48,#REF!,2,FALSE)))),IF($D48="ORSE",(VLOOKUP($E48,#REF!,2,FALSE)),(VLOOKUP($E48,#REF!,2,FALSE))))),(IF($D48="SINAPI",(IF($H48="INS",(VLOOKUP($E48,#REF!,2,FALSE)),(VLOOKUP($E48,#REF!,2,FALSE)))),IF($D48="ORSE",(VLOOKUP($E48,#REF!,2,FALSE)),(VLOOKUP($E48,#REF!,2,FALSE))))))) -> #REF! | B48: 12 | C48: =UPPER(IF(DESON="COM DESONERAÇÃO",(IF($D48="SINAPI",(IF($H48="INS",(VLOOKUP($E48,#REF!,3,FALSE)),(VLOOKUP($E48,#REF!,3,FALSE)))),IF($D48="ORSE",(VLOOKUP($E48,#REF!,3,FALSE)),(VLOOKUP($E48,#REF!,3,FALSE))))),(IF($D48="SINAPI",(IF($H48="INS",(VLOOKUP($E48,#REF!,3,FALSE)),(VLOOKUP($E48,#REF!,3,FALSE)))),IF($D48="ORSE",(VLOOKUP($E48,#REF!,3,FALSE)),(VLOOKUP($E48,#REF!,3,FALSE))))))) -> #REF! | D48: SINAPI | E48: 88316 | F48: =UPPER(IF(DESON="COM DESONERAÇÃO",(IF($D48="SINAPI",(IF($H48="INS",(VLOOKUP($E48,#REF!,4,FALSE)),(VLOOKUP($E48,#REF!,4,FALSE)))),IF($D48="ORSE",(VLOOKUP($E48,#REF!,4,FALSE)),(VLOOKUP($E48,#REF!,4,FALSE))))),(IF($D48="SINAPI",(IF($H48="INS",(VLOOKUP($E48,#REF!,5,FALSE)),(VLOOKUP($E48,#REF!,5,FALSE)))),IF($D48="ORSE",(VLOOKUP($E48,#REF!,4,FALSE)),(VLOOKUP($E48,#REF!,5,FALSE))))))) -> #REF! | G48: =ROUND(B48*F48,2) -> #REF! | H48: C | I48: SINAPI | J48: =UPPER(IF(DESON="COM DESONERAÇÃO",(IF($I48="SINAPI",(IF($H48="INS",(VLOOKUP($E48,#REF!,2,FALSE)),(VLOOKUP($E48,#REF!,2,FALSE)))),IF($I48="ORSE",(VLOOKUP($E48,#REF!,2,FALSE)),(VLOOKUP($E48,#REF!,2,FALSE))))),(IF($I48="SINAPI",(IF($H48="INS",(VLOOKUP($E48,#REF!,2,FALSE)),(VLOOKUP($E48,#REF!,2,FALSE)))),IF($I48="ORSE",(VLOOKUP($E48,#REF!,2,FALSE)),(VLOOKUP($E48,#REF!,2,FALSE))))))) -> #REF!
A49: CUSTO HORÁRIO TOTAL DA MÃO-DE-OBRA C/LS [1] | G49: =SUM(G47:G48) -> #REF!
A51: Materiais e/ou serviços | B51: Quant. | C51: Unid. | E51: Referência | F51: Valor R$ | G51: Custo unitário
A52: =UPPER(IF(DESON="COM DESONERAÇÃO",(IF($D52="SINAPI",(IF($H52="INS",(VLOOKUP($E52,#REF!,2,FALSE)),(VLOOKUP($E52,#REF!,2,FALSE)))),IF($D52="ORSE",(VLOOKUP($E52,#REF!,2,FALSE)),(VLOOKUP($E52,#REF!,2,FALSE))))),(IF($D52="SINAPI",(IF($H52="INS",(VLOOKUP($E52,#REF!,2,FALSE)),(VLOOKUP($E52,#REF!,2,FALSE)))),IF($D52="ORSE",(VLOOKUP($E52,#REF!,2,FALSE)),(VLOOKUP($E52,#REF!,2,FALSE))))))) -> #REF! | B52: =ROUND(3.2*2,2) -> 6.4 | C52: =UPPER(IF(DESON="COM DESONERAÇÃO",(IF($D52="SINAPI",(IF($H52="INS",(VLOOKUP($E52,#REF!,3,FALSE)),(VLOOKUP($E52,#REF!,3,FALSE)))),IF($D52="ORSE",(VLOOKUP($E52,#REF!,3,FALSE)),(VLOOKUP($E52,#REF!,3,FALSE))))),(IF($D52="SINAPI",(IF($H52="INS",(VLOOKUP($E52,#REF!,3,FALSE)),(VLOOKUP($E52,#REF!,3,FALSE)))),IF($D52="ORSE",(VLOOKUP($E52,#REF!,3,FALSE)),(VLOOKUP($E52,#REF!,3,FALSE))))))) -> #REF! | D52: SINAPI | E52: 4417 | F52: =UPPER(IF(DESON="COM DESONERAÇÃO",(IF($D52="SINAPI",(IF($H52="INS",(VLOOKUP($E52,#REF!,4,FALSE)),(VLOOKUP($E52,#REF!,4,FALSE)))),IF($D52="ORSE",(VLOOKUP($E52,#REF!,4,FALSE)),(VLOOKUP($E52,#REF!,4,FALSE))))),(IF($D52="SINAPI",(IF($H52="INS",(VLOOKUP($E52,#REF!,5,FALSE)),(VLOOKUP($E52,#REF!,5,FALSE)))),IF($D52="ORSE",(VLOOKUP($E52,#REF!,4,FALSE)),(VLOOKUP($E52,#REF!,5,FALSE))))))) -> #REF! | G52: =ROUND(F52*B52,2) -> #REF! | H52: INS
A53: =UPPER(IF(DESON="COM DESONERAÇÃO",(IF($D53="SINAPI",(IF($H53="INS",(VLOOKUP($E53,#REF!,2,FALSE)),(VLOOKUP($E53,#REF!,2,FALSE)))),IF($D53="ORSE",(VLOOKUP($E53,#REF!,2,FALSE)),(VLOOKUP($E53,#REF!,2,FALSE))))),(IF($D53="SINAPI",(IF($H53="INS",(VLOOKUP($E53,#REF!,2,FALSE)),(VLOOKUP($E53,#REF!,2,FALSE)))),IF($D53="ORSE",(VLOOKUP($E53,#REF!,2,FALSE)),(VLOOKUP($E53,#REF!,2,FALSE))))))) -> #REF! | B53: =ROUND(4*3.2*2,2) -> 25.6 | C53: =UPPER(IF(DESON="COM DESONERAÇÃO",(IF($D53="SINAPI",(IF($H53="INS",(VLOOKUP($E53,#REF!,3,FALSE)),(VLOOKUP($E53,#REF!,3,FALSE)))),IF($D53="ORSE",(VLOOKUP($E53,#REF!,3,FALSE)),(VLOOKUP($E53,#REF!,3,FALSE))))),(IF($D53="SINAPI",(IF($H53="INS",(VLOOKUP($E53,#REF!,3,FALSE)),(VLOOKUP($E53,#REF!,3,FALSE)))),IF($D53="ORSE",(VLOOKUP($E53,#REF!,3,FALSE)),(VLOOKUP($E53,#REF!,3,FALSE))))))) -> #REF! | D53: SINAPI | E53: 4491 | F53: =UPPER(IF(DESON="COM DESONERAÇÃO",(IF($D53="SINAPI",(IF($H53="INS",(VLOOKUP($E53,#REF!,4,FALSE)),(VLOOKUP($E53,#REF!,4,FALSE)))),IF($D53="ORSE",(VLOOKUP($E53,#REF!,4,FALSE)),(VLOOKUP($E53,#REF!,4,FALSE))))),(IF($D53="SINAPI",(IF($H53="INS",(VLOOKUP($E53,#REF!,5,FALSE)),(VLOOKUP($E53,#REF!,5,FALSE)))),IF($D53="ORSE",(VLOOKUP($E53,#REF!,4,FALSE)),(VLOOKUP($E53,#REF!,5,FALSE))))))) -> #REF! | G53: =ROUND(F53*B53,2) -> #REF! | H53: INS
A54: =UPPER(IF(DESON="COM DESONERAÇÃO",(IF($D54="SINAPI",(IF($H54="INS",(VLOOKUP($E54,#REF!,2,FALSE)),(VLOOKUP($E54,#REF!,2,FALSE)))),IF($D54="ORSE",(VLOOKUP($E54,#REF!,2,FALSE)),(VLOOKUP($E54,#REF!,2,FALSE))))),(IF($D54="SINAPI",(IF($H54="INS",(VLOOKUP($E54,#REF!,2,FALSE)),(VLOOKUP($E54,#REF!,2,FALSE)))),IF($D54="ORSE",(VLOOKUP($E54,#REF!,2,FALSE)),(VLOOKUP($E54,#REF!,2,FALSE))))))) -> #REF! | B54: =ROUND(3.2*2,2) -> 6.4 | C54: =UPPER(IF(DESON="COM DESONERAÇÃO",(IF($D54="SINAPI",(IF($H54="INS",(VLOOKUP($E54,#REF!,3,FALSE)),(VLOOKUP($E54,#REF!,3,FALSE)))),IF($D54="ORSE",(VLOOKUP($E54,#REF!,3,FALSE)),(VLOOKUP($E54,#REF!,3,FALSE))))),(IF($D54="SINAPI",(IF($H54="INS",(VLOOKUP($E54,#REF!,3,FALSE)),(VLOOKUP($E54,#REF!,3,FALSE)))),IF($D54="ORSE",(VLOOKUP($E54,#REF!,3,FALSE)),(VLOOKUP($E54,#REF!,3,FALSE))))))) -> #REF! | D54: SINAPI | E54: 4813 | F54: =UPPER(IF(DESON="COM DESONERAÇÃO",(IF($D54="SINAPI",(IF($H54="INS",(VLOOKUP($E54,#REF!,4,FALSE)),(VLOOKUP($E54,#REF!,4,FALSE)))),IF($D54="ORSE",(VLOOKUP($E54,#REF!,4,FALSE)),(VLOOKUP($E54,#REF!,4,FALSE))))),(IF($D54="SINAPI",(IF($H54="INS",(VLOOKUP($E54,#REF!,5,FALSE)),(VLOOKUP($E54,#REF!,5,FALSE)))),IF($D54="ORSE",(VLOOKUP($E54,#REF!,4,FALSE)),(VLOOKUP($E54,#REF!,5,FALSE))))))) -> #REF! | G54: =ROUND(F54*B54,2) -> #REF! | H54: INS
A55: =UPPER(IF(DESON="COM DESONERAÇÃO",(IF($D55="SINAPI",(IF($H55="INS",(VLOOKUP($E55,#REF!,2,FALSE)),(VLOOKUP($E55,#REF!,2,FALSE)))),IF($D55="ORSE",(VLOOKUP($E55,#REF!,2,FALSE)),(VLOOKUP($E55,#REF!,2,FALSE))))),(IF($D55="SINAPI",(IF($H55="INS",(VLOOKUP($E55,#REF!,2,FALSE)),(VLOOKUP($E55,#REF!,2,FALSE)))),IF($D55="ORSE",(VLOOKUP($E55,#REF!,2,FALSE)),(VLOOKUP($E55,#REF!,2,FALSE))))))) -> #REF! | B55: =ROUND(0.11*3.2*2,2) -> 0.7 | C55: =UPPER(IF(DESON="COM DESONERAÇÃO",(IF($D55="SINAPI",(IF($H55="INS",(VLOOKUP($E55,#REF!,3,FALSE)),(VLOOKUP($E55,#REF!,3,FALSE)))),IF($D55="ORSE",(VLOOKUP($E55,#REF!,3,FALSE)),(VLOOKUP($E55,#REF!,3,FALSE))))),(IF($D55="SINAPI",(IF($H55="INS",(VLOOKUP($E55,#REF!,3,FALSE)),(VLOOKUP($E55,#REF!,3,FALSE)))),IF($D55="ORSE",(VLOOKUP($E55,#REF!,3,FALSE)),(VLOOKUP($E55,#REF!,3,FALSE))))))) -> #REF! | D55: SINAPI | E55: 5075 | F55: =UPPER(IF(DESON="COM DESONERAÇÃO",(IF($D55="SINAPI",(IF($H55="INS",(VLOOKUP($E55,#REF!,4,FALSE)),(VLOOKUP($E55,#REF!,4,FALSE)))),IF($D55="ORSE",(VLOOKUP($E55,#REF!,4,FALSE)),(VLOOKUP($E55,#REF!,4,FALSE))))),(IF($D55="SINAPI",(IF($H55="INS",(VLOOKUP($E55,#REF!,5,FALSE)),(VLOOKUP($E55,#REF!,5,FALSE)))),IF($D55="ORSE",(VLOOKUP($E55,#REF!,4,FALSE)),(VLOOKUP($E55,#REF!,5,FALSE))))))) -> #REF! | G55: =ROUND(F55*B55,2) -> #REF! | H55: INS
A56: =UPPER(IF(DESON="COM DESONERAÇÃO",(IF($D56="SINAPI",(IF($H56="INS",(VLOOKUP($E56,#REF!,2,FALSE)),(VLOOKUP($E56,#REF!,2,FALSE)))),IF($D56="ORSE",(VLOOKUP($E56,#REF!,2,FALSE)),(VLOOKUP($E56,#REF!,2,FALSE))))),(IF($D56="SINAPI",(IF($H56="INS",(VLOOKUP($E56,#REF!,2,FALSE)),(VLOOKUP($E56,#REF!,2,FALSE)))),IF($D56="ORSE",(VLOOKUP($E56,#REF!,2,FALSE)),(VLOOKUP($E56,#REF!,2,FALSE))))))) -> #REF! | B56: =ROUND(0.01*3.2*2,2) -> 0.06 | C56: =UPPER(IF(DESON="COM DESONERAÇÃO",(IF($D56="SINAPI",(IF($H56="INS",(VLOOKUP($E56,#REF!,3,FALSE)),(VLOOKUP($E56,#REF!,3,FALSE)))),IF($D56="ORSE",(VLOOKUP($E56,#REF!,3,FALSE)),(VLOOKUP($E56,#REF!,3,FALSE))))),(IF($D56="SINAPI",(IF($H56="INS",(VLOOKUP($E56,#REF!,3,FALSE)),(VLOOKUP($E56,#REF!,3,FALSE)))),IF($D56="ORSE",(VLOOKUP($E56,#REF!,3,FALSE)),(VLOOKUP($E56,#REF!,3,FALSE))))))) -> #REF! | D56: SINAPI | E56: 94962 | F56: =UPPER(IF(DESON="COM DESONERAÇÃO",(IF($D56="SINAPI",(IF($H56="INS",(VLOOKUP($E56,#REF!,4,FALSE)),(VLOOKUP($E56,#REF!,4,FALSE)))),IF($D56="ORSE",(VLOOKUP($E56,#REF!,4,FALSE)),(VLOOKUP($E56,#REF!,4,FALSE))))),(IF($D56="SINAPI",(IF($H56="INS",(VLOOKUP($E56,#REF!,5,FALSE)),(VLOOKUP($E56,#REF!,5,FALSE)))),IF($D56="ORSE",(VLOOKUP($E56,#REF!,4,FALSE)),(VLOOKUP($E56,#REF!,5,FALSE))))))) -> #REF! | G56: =ROUND(F56*B56,2) -> #REF! | H56: C
A57: CUSTO UNITÁRIO TOTAL DOS MATERIAIS E/OU SERVIÇOS S/BDI [2] | G57: =SUM(G52:G56) -> #REF!
H58: VALOR | I58: tipo | J58: FONTE | K58: CÓDIGO
A59: CUSTO UNITÁRIO TOTAL [1+2] = [3] | G59: =G49+G57 -> #REF! | H59: =#REF! -> #REF!
A60: ="B.D.I. = "&ROUND(BDI,2)&"% [4]" -> B.D.I. = 0% [4] | G60: =ROUND(G59*ROUND(BDI/100,2),2) -> #REF! | H60: =IF(G59<=H59,"OK","CORRIGIR") -> #REF! | J60: <=====VERIFICAÇÃO
A61: PREÇO UNITÁRIO TOTAL [3+4] = [5] | G61: =G59+G60 -> #REF! | H61: =IF(G61=#REF!,"OK","CORRIGIR") -> #REF!
A63: MOBILIZAÇÃO E DESMOBILIZAÇÃO | E63: Fonte | F63: Código | G63: UNIDADE:
E64: S/ REF. | F64: S/C | G64: un
A65: Mão-de-obra | B65: Quant. | C65: Unid. | E65: Referência | F65: Salário hora | G65: Custo horário
A66: =J66 -> #REF! | B66: 12 | C66: =UPPER(IF(DESON="COM DESONERAÇÃO",(IF($I66="SINAPI",(IF($H66="INS",(VLOOKUP($E66,#REF!,3,FALSE)),(VLOOKUP($E66,#REF!,3,FALSE)))),IF($I66="ORSE",(VLOOKUP($E66,#REF!,3,FALSE)),(VLOOKUP($E66,#REF!,2,FALSE))))),(IF($I66="SINAPI",(IF($H66="INS",(VLOOKUP($E66,#REF!,3,FALSE)),(VLOOKUP($E66,#REF!,3,FALSE)))),IF($I66="ORSE",(VLOOKUP($E66,#REF!,3,FALSE)),(VLOOKUP($E66,#REF!,2,FALSE))))))) -> #REF! | D66: SINAPI | E66: 88316 | F66: =UPPER(IF(DESON="COM DESONERAÇÃO",(IF($I66="SINAPI",(IF($H66="INS",(VLOOKUP($E66,#REF!,4,FALSE)),(VLOOKUP($E66,#REF!,4,FALSE)))),IF($I66="ORSE",(VLOOKUP($E66,#REF!,4,FALSE)),(VLOOKUP($E66,#REF!,4,FALSE))))),(IF($I66="SINAPI",(IF($H66="INS",(VLOOKUP($E66,#REF!,4,FALSE)),(VLOOKUP($E66,#REF!,4,FALSE)))),IF($I66="ORSE",(VLOOKUP($E66,#REF!,4,FALSE)),(VLOOKUP($E66,#REF!,4,FALSE))))))) -> #REF! | G66: =ROUND(B66*F66,2) -> #REF! | H66: C | I66: SINAPI | J66: =UPPER(IF(DESON="COM DESONERAÇÃO",(IF($I66="SINAPI",(IF($H66="INS",(VLOOKUP($E66,#REF!,2,FALSE)),(VLOOKUP($E66,#REF!,2,FALSE)))),IF($I66="ORSE",(VLOOKUP($E66,#REF!,2,FALSE)),(VLOOKUP($E66,#REF!,2,FALSE))))),(IF($I66="SINAPI",(IF($H66="INS",(VLOOKUP($E66,#REF!,2,FALSE)),(VLOOKUP($E66,#REF!,2,FALSE)))),IF($I66="ORSE",(VLOOKUP($E66,#REF!,2,FALSE)),(VLOOKUP($E66,#REF!,2,FALSE))))))) -> #REF!
A67: Custo horário total da mão-de-obra c/ls [1] | G67: =SUM(G66:G66) -> #REF!
A69: Materiais e/ou serviços | B69: Quant. | C69: Unid. | E69: Referência | F69: Valor R$ | G69: Custo unitário
A70: CAMINHÃO CAVALO MECANICO C/CARRETA PRANCHA, CAPACIDADE DE 20 T (INCLUINDO MANUTENÇÃO/OPERAÇÃO | B70: 12 | C70: =UPPER(IF(DESON="COM DESONERAÇÃO",(IF($I70="SINAPI",(IF($H70="INS",(VLOOKUP($E70,#REF!,3,FALSE)),(VLOOKUP($E70,#REF!,3,FALSE)))),IF($I70="ORSE",(VLOOKUP($E70,#REF!,3,FALSE)),(VLOOKUP($E70,#REF!,2,FALSE))))),(IF($I70="SINAPI",(IF($H70="INS",(VLOOKUP($E70,#REF!,3,FALSE)),(VLOOKUP($E70,#REF!,3,FALSE)))),IF($I70="ORSE",(VLOOKUP($E70,#REF!,3,FALSE)),(VLOOKUP($E70,#REF!,2,FALSE))))))) -> #REF! | D70: SINAPI | E70: 91634 | F70: =UPPER(IF(DESON="COM DESONERAÇÃO",(IF($I70="SINAPI",(IF($H70="INS",(VLOOKUP($E70,#REF!,4,FALSE)),(VLOOKUP($E70,#REF!,4,FALSE)))),IF($I70="ORSE",(VLOOKUP($E70,#REF!,4,FALSE)),(VLOOKUP($E70,#REF!,4,FALSE))))),(IF($I70="SINAPI",(IF($H70="INS",(VLOOKUP($E70,#REF!,4,FALSE)),(VLOOKUP($E70,#REF!,4,FALSE)))),IF($I70="ORSE",(VLOOKUP($E70,#REF!,4,FALSE)),(VLOOKUP($E70,#REF!,4,FALSE))))))) -> #REF! | G70: =ROUND(F70*B70,2) -> #REF! | H70: C | I70: SINAPI | J70: =UPPER(IF(DESON="COM DESONERAÇÃO",(IF($I70="SINAPI",(IF($H70="INS",(VLOOKUP($E70,#REF!,2,FALSE)),(VLOOKUP($E70,#REF!,2,FALSE)))),IF($I70="ORSE",(VLOOKUP($E70,#REF!,2,FALSE)),(VLOOKUP($E70,#REF!,2,FALSE))))),(IF($I70="SINAPI",(IF($H70="INS",(VLOOKUP($E70,#REF!,2,FALSE)),(VLOOKUP($E70,#REF!,2,FALSE)))),IF($I70="ORSE",(VLOOKUP($E70,#REF!,2,FALSE)),(VLOOKUP($E70,#REF!,2,FALSE))))))) -> #REF!
A71: Custo unitário total dos materiais e/ou serviços s/bdi [2] | G71: =SUM(G70:G70) -> #REF!
H72: VALOR | I72: FONTE | J72: CÓDIGO
A73: CUSTO UNITÁRIO TOTAL [1+2] = [3] | G73: =G67+G71 -> #REF! | I73: =E64 -> S/ REF. | J73: =F64 -> S/C
A74: ="B.D.I. = "&ROUND(BDI,2)&"% [4]" -> B.D.I. = 0% [4] | G74: =ROUND(G73*(ROUND(BDI,2)%),2) -> #REF! | H74: =#REF! -> #REF! | I74: <===== VERIFICAÇÃO - MÁXIMO 2,66%
A75: PREÇO UNITÁRIO TOTAL [3+4] = [5] | G75: =G73+G74 -> #REF! | H75: =IF(H74<=2.66%,"OK","CORRIGIR") -> #REF!
A77: Barracão de obra p/ alojamento/escritório, piso cimentado, paredes em compensado 10 mm, cobertura em telha fibrocimento 6 mm, incluso instalações hidráulicas/sanitárias e instalações elétricas e esquadrias reaproveitamento 5 vezeshidráulicas/sanitárias e instalações elétricas e esquadrias reaproveitamento 5 vezes | E77: Fonte | F77: Código | G77: UNIDADE: | H77: #REF!
E80: S/ REF. | F80: S/C | G80: m²
A81: Mão-de-obra | B81: Quant. | C81: Unid. | E81: Referência | F81: Salário hora | G81: Custo horário
A82: Auxiliar de serralheiro c/ encargos complementares | B82: 0.07 | C82: H | D82: SINAPI | E82: 88251 | F82: 12.35 | G82: =ROUND(B82*F82,2) -> 0.86 | H82: C | I82: AUXILIAR DE SERRALHEIRO COM ENCARGOS COMPLEMENTARES
A83: Carpinteiro de formas c/ encargos complementares | B83: 6.34 | C83: H | D83: SINAPI | E83: 88262 | F83: 15.48 | G83: =ROUND(B83*F83,2) -> 98.14 | H83: C | I83: CARPINTEIRO DE FORMAS COM ENCARGOS COMPLEMENTARES
A84: Eletricista c/ encargos complementares | B84: 0.3 | C84: H | D84: SINAPI | E84: 88264 | F84: 15.9 | G84: =ROUND(B84*F84,2) -> 4.77 | H84: C | I84: ELETRICISTA COM ENCARGOS COMPLEMENTARES
A85: Serralheiro c/ encargos complementares | B85: 0.07 | C85: H | D85: SINAPI | E85: 88315 | F85: 14.89 | G85: =ROUND(B85*F85,2) -> 1.04 | H85: C | I85: SERRALHEIRO COM ENCARGOS COMPLEMENTARES
A86: Servente c/ encargos complementares | B86: 7.03 | C86: H | D86: SINAPI | E86: 88316 | F86: 12.42 | G86: =ROUND(B86*F86,2) -> 87.31 | H86: C | I86: SERVENTE COM ENCARGOS COMPLEMENTARES
A87: Pedreiro c/ encargos complementares | B87: 0.36 | C87: H | D87: SINAPI | E87: 88309 | F87: 15.56 | G87: =ROUND(B87*F87,2) -> 5.6 | H87: C | I87: PEDREIRO COM ENCARGOS COMPLEMENTARES
A88: Encanador c/ encargos complementares | B88: 0.16 | C88: H | D88: SINAPI | E88: 88267 | F88: 15.54 | G88: =ROUND(B88*F88,2) -> 2.49 | H88: C | I88: ENCANADOR OU BOMBEIRO HIDRÁULICO COM ENCARGOS COMPLEMENTARES
A89: Custo horário total da mão-de-obra c/ls [1] | G89: =SUM(G82:G88) -> 200.21
A91: Materiais e/ou serviços | B91: Quant. | C91: Unid. | E91: Referência | F91: Valor R$ | G91: Custo unitário
A92: Concreto fck=15 MPa, traço 1:3,4:3,5 (cimento/areia média/brita 1) - preparo mecânico c/ betoneira 600 L. AF_07/2016 | B92: 0.015 | C92: M3 | D92: SINAPI | E92: 94969 | F92: 268.85 | G92: =ROUND(F92*B92,2) -> 4.03 | H92: C | I92: CONCRETO FCK = 15MPA, TRAÇO 1:3,4:3,5 (CIMENTO/ AREIA MÉDIA/ BRITA 1) - PREPARO MECÂNICO COM BETONEIRA 600 L. AF_07/2016
A93: Pinho de terceira 1" x 12" e 1" x 9" | B93: 1.02 | C93: M2 | D93: COMPOSIÇÃO | F93: =G156 -> #N/A | G93: =ROUND(F93*B93,2) -> #N/A
A94: Piso cimentado e=1,5cm c/ argamassa 1:3 cimento areia alisado colher sobre base existente | B94: 1 | C94: M2 | D94: SINAPI | E94: 73465 | F94: 27.05 | G94: =ROUND(F94*B94,2) -> 27.05 | H94: C | I94: PISO CIMENTADO E=1,5CM C/ARGAMASSA 1:3 CIMENTO AREIA ALISADO COLHER SOBRE BASE EXISTENTE E ARGAMASSA EM PREPARO MECANIZADO
A95: Lançamento/aplicação manual de concreto em estruturas | B95: 0.015 | C95: M3 | D95: SINAPI | E95: 92873 | F95: 128.4 | G95: =ROUND(F95*B95,2) -> 1.93 | H95: C | I95: LANÇAMENTO COM USO DE BALDES, ADENSAMENTO E ACABAMENTO DE CONCRETO EM ESTRUTURAS. AF_12/2015
A96: Chapa de madeira compensada plastificada para forma de concreto, de 2,44 x 1,22m, e=10mm | B96: 0.386 | C96: #N/A | D96: SINAPI | E96: 1346 | F96: #N/A | G96: =ROUND(F96*B96,2) -> #N/A | H96: I | I96: #N/A
A97: Conjunto arruelas de vedação 5/16" para telha fibrocimento (uma arruela metalica e uma arruela pvc - conicas) | B97: 0.214 | C97: #N/A | D97: SINAPI | E97: 1607 | F97: #N/A | G97: =ROUND(F97*B97,2) -> #N/A | H97: I | I97: #N/A
A98: Disjuntor tipo nema, monopolar 10 até 30A | B98: 0.0057 | C98: #N/A | D98: SINAPI | E98: 2370 | F98: #N/A | G98: =ROUND(F98*B98,2) -> #N/A | H98: I | I98: #N/A
A99: Peça de madeira nativa/regional 7,5 x 12,50cm (3 x 5") não aparelhada (p/forma) | B99: 0.7 | C99: #N/A | D99: SINAPI | E99: 4448 | F99: #N/A | G99: =ROUND(F99*B99,2) -> #N/A | H99: I | I99: #N/A
A100: Peça de madeira nativa/regional 7,5 x 7,5cm (3 x 3") não aparelhada (p/forma) | B100: 0.9 | C100: #N/A | D100: SINAPI | E100: 4491 | F100: #N/A | G100: =ROUND(F100*B100,2) -> #N/A | H100: I | I100: #N/A
A101: Prego polido com cabeça 18 x 30cm | B101: 0.1 | C101: #N/A | D101: SINAPI | E101: 5075 | F101: #N/A | G101: =ROUND(F101*B101,2) -> #N/A | H101: I | I101: #N/A
A102: Cadeado latão cromado H=35mm / 5 pino/ haste cromada H=30mm | B102: 0.0058 | C102: #N/A | D102: SINAPI | E102: 5085 | F102: #N/A | G102: =ROUND(F102*B102,2) -> #N/A | H102: I | I102: #N/A
A103: Porta cadeado zincado oxidado preto | B103: 0.0058 | C103: #N/A | D103: SINAPI | E103: 5088 | F103: #N/A | G103: =ROUND(F103*B103,2) -> #N/A | H103: I | I103: #N/A
A104: Telha de fibrocimento ondulada E=6mm, de 2,44 x 1,10m (sem amianto) | B104: 0.318 | C104: #N/A | D104: SINAPI | E104: 7194 | F104: #N/A | G104: =ROUND(F104*B104,2) -> #N/A | H104: I | I104: #N/A
A105: Vidro liso incolor 3mm - sem colocação | B105: 0.023 | C105: #N/A | D105: SINAPI | E105: 10490 | F105: #N/A | G105: =ROUND(F105*B105,2) -> #N/A | H105: I | I105: #N/A
A106: Porta de madeira semi-oca, folha lisa para pintura 80 x 210 x 3,5cm | B106: 0.0115 | C106: #N/A | D106: SINAPI | E106: 10555 | F106: #N/A | G106: =ROUND(F106*B106,2) -> #N/A | H106: I | I106: #N/A
A107: Tabua madeira 3A qualidade 2,5 x 23,0cm (1 x 9") não aparelhada | B107: 0.25 | C107: #N/A | D107: SINAPI | E107: 10567 | F107: #N/A | G107: =ROUND(F107*B107,2) -> #N/A | H107: I | I107: #N/A
... A135: Peça de madeira Lei aparelhada 3x6" (7,5x15 cm) | B135: 0.1 | C135: #N/A | D135: SINAPI | E135: 20211 | F135: #N/A | G135: =ROUND(F135*B135,2) -> #N/A | H135: I | I135: #N/A
A136: Concreto ciclópico fck=10 MPa 30% pedra de mão inclusive lançamento | B136: 0.01 | C136: M3 | D136: SINAPI | E136: 73361 | F136: 346.09 | G136: =ROUND(F136*B136,2) -> 3.46 | H136: C | I136: CONCRETO CICLOPICO FCK=10MPA 30% PEDRA DE MAO INCLUSIVE LANCAMENTO
A137: Fossa séptica em alvenaria de tijolo cerâmico maciço, dimensões externas de 1,90x1,10x1,40 m, volume de 1.500 litros, revestido internamente com massa única e impermeabilizante e com tampa de concreto armado com espessura de 8,0 cm | B137: 0.01 | C137: UN | D137: SINAPI | E137: 95463 | F137: 1206.93 | G137: =ROUND(F137*B137,2) -> 12.07 | H137: C | I137: FOSSA SÉPTICA EM ALVENARIA DE TIJOLO CERÂMICO MACIÇO, DIMENSÕES EXTERN AS DE 1,90X1,10X1,40 M, VOLUME DE 1.500 LITROS, REVESTIDO INTERNAMENTE COM MASSA ÚNICA E IMPERMEABILIZANTE E COM TAMPA DE CONCRETO ARMADO CO M ESPESSURA DE 8 CM
A138: Sumidouro em alvenaria de tijolo cerâmico maciço diâmetro 1,20 m e altura de 5,00 m, com tampa em concreto armado diâmetro 1,40 m e espessura 10 cm | B138: 0.01 | C138: UN | D138: SINAPI | E138: 74198/001 | F138: 1140.56 | G138: =ROUND(F138*B138,2) -> 11.41 | H138: C | I138: SUMIDOURO EM ALVENARIA DE TIJOLO CERAMICO MACICO DIAMETRO 1,20M E ALTU RA 5,00M, COM TAMPA EM CONCRETO ARMADO DIAMETRO 1,40M E ESPESSURA 10CM
...

Sheet ORÇAMENTO
A1: ESTADO DO PIAUÍ
A2: PREFEITURA MUNICIPAL DE CURRALINHOS
G4: FONTES DE CUSTO:
A5: OBRA: CONSTRUÇÃO DE PRAÇA DE EVENTOS NO MUNICÍPIO DE CURRALINHOS - PI | G5: SINAPI : DEZEMBRO/2025
A6: LOCAL: SEDE DO MUNICÍPIO | G6: ORSE : NOVEMBRO/2025
G7: SEINFRA-CE : 0.28/2022
A8: PROPOSTA: 056430/2025 | G8: LSO : 113,33% -S/ DESON
A9: CONVÊNIO: 983736/2025 | G9: BDI : 21,4%
A11: PLANILHA RESUMO DAS INSTALAÇÕES ELÉTRICAS - OBRA: CONSTRUÇÃO DE PRAÇA DE EVENTOS NO MUNICÍPIO DE CURRALINHOS - PI
A13: Item | B13: Materiais | C13: Unid. | D13: Quant. | E13: Custo unitário c/ BDI (R$) | F13: Valor (R$) | G13: Fonte | H13: Código
A14: 1.0 | B14: INSTALAÇÃO ELÉTRICA - PRAÇA
A15: 1.1 | B15: LUMINÁRIA FECHADA, EM ALUMÍNIO, C/ 3 PÉTALA DE LED 150W, P/ ILUMINAÇÃO DE AVENIDAS E PRAÇAS C/ DIFUSOR DE ACRÍLICO COM RELÉ FOTOELÉTRICO INDIVIDUAL SUPORTE FIXAÇÃO Ø60,3mm | C15: un | D15: 20 | E15: 1161.09 | F15: 23221.8 | G15: CA-1(577-ORSE) | H15: CA-1 | J15: UN | K15: 956.42 | L15: LUMINÁRIA FECHADA, EM ALUMÍNIO, C/ 3 PÉTALA DE LED 150W, P/ ILUMINAÇÃO DE AVENIDAS E PRAÇAS C/ DIFUSOR DE ACRÍLICO COM RELÉ FOTOELÉTRICO INDIVIDUAL SUPORTE FIXAÇÃO Ø60,3mm | M15: (577-ORSE)
A16: 1.2 | B16: POSTE DE AÇO CÔNICO CONTÍNUO RETO, ENGASTAMENTO SIMPLES COM 1 M DE SOLO, H=7M - FORNECIMENTO E INSTALAÇÃO. AF_04/2025 | C16: un | D16: 20 | E16: 2101.79 | F16: 42035.8 | G16: SINAPI-dez/2025 | H16: 105953 | I16: SINAPI | J16: UN | K16: 1731.29 | L16: POSTE DE AÇO CÔNICO CONTÍNUO RETO, ENGASTAMENTO SIMPLES COM 1 M DE SOLO, H=7M - FORNECIMENTO E INSTALAÇÃO. AF_04/2025 | M16: POSTE DE AÇO CÔNICO CONTÍNUO RETO, ENGASTAMENTO SIMPLES COM 1 M DE SOLO, H=7M - FORNECIMENTO E INSTALAÇÃO. AF_04/2025
A17: 1.3 | B17: QUADRO DE DISTRIBUIÇÃO DE ENERGIA EM PVC, DE EMBUTIR, SEM BARRAMENTO, PARA 6 DISJUNTORES - FORNECIMENTO E INSTALAÇÃO. AF_07/2025 | C17: un | D17: 1 | E17: 145.24 | F17: 145.24 | G17: SINAPI-dez/2025 | H17: 101876 | I17: SINAPI | J17: UN | K17: 119.64 | L17: QUADRO DE DISTRIBUIÇÃO DE ENERGIA EM PVC, DE EMBUTIR, SEM BARRAMENTO, PARA 6 DISJUNTORES - FORNECIMENTO E INSTALAÇÃO. AF_07/2025 | M17: QUADRO DE DISTRIBUIÇÃO DE ENERGIA EM PVC, DE EMBUTIR, SEM BARRAMENTO, PARA 6 DISJUNTORES - FORNECIMENTO E INSTALAÇÃO. AF_07/2025
A18: 1.4 | B18: DISJUNTOR MONOPOLAR TIPO DIN, CORRENTE NOMINAL DE 25A - FORNECIMENTO E INSTALAÇÃO. AF_07/2025 | C18: un | D18: 2 | E18: 15.94 | F18: 31.88 | G18: SINAPI-dez/2025 | H18: 93656 | I18: SINAPI | J18: UN | K18: 13.13 | L18: DISJUNTOR MONOPOLAR TIPO DIN, CORRENTE NOMINAL DE 25A - FORNECIMENTO E INSTALAÇÃO. AF_07/2025 | M18: DISJUNTOR MONOPOLAR TIPO DIN, CORRENTE NOMINAL DE 25A - FORNECIMENTO E INSTALAÇÃO. AF_07/2025
A19: 1.5 | B19: DISJUNTOR MONOPOLAR TIPO DIN, CORRENTE NOMINAL DE 50A - FORNECIMENTO E INSTALAÇÃO. AF_07/2025 | C19: un | D19: 2 | E19: 28.75 | F19: 57.5 | G19: SINAPI-dez/2025 | H19: 93659 | I19: SINAPI | J19: UN | K19: 23.68 | L19: DISJUNTOR MONOPOLAR TIPO DIN, CORRENTE NOMINAL DE 50A - FORNECIMENTO E INSTALAÇÃO. AF_07/2025 | M19: DISJUNTOR MONOPOLAR TIPO DIN, CORRENTE NOMINAL DE 50A - FORNECIMENTO E INSTALAÇÃO. AF_07/2025
A20: 1.6 | B20: DISPOSITIVO DPS 20KA-175V OU 275V - FORNECIMENTO E INSTALAÇÃO. AF_07/2025 | C20: un | D20: 2 | E20: 86.16 | F20: 172.32 | G20: SINAPI-dez/2025 | H20: 106027 | I20: SINAPI | J20: UN | K20: 70.97 | L20: DISPOSITIVO DPS 20KA-175V OU 275V - FORNECIMENTO E INSTALAÇÃO. AF_07/2025 | M20: DISPOSITIVO DPS 20KA-175V OU 275V - FORNECIMENTO E INSTALAÇÃO. AF_07/2025
A21: 1.7 | B21: CAIXA ENTERRADA ELÉTRICA RETANGULAR, EM CONCRETO PRÉ-MOLDADO, FUNDO COM BRITA, DIMENSÕES INTERNAS: 0,4X0,4X0,4 M. AF_12/2020 | C21: un | D21: 22 | E21: 265.53 | F21: 5841.66 | G21: SINAPI-dez/2025 | H21: 97882 | I21: SINAPI | J21: UN | K21: 218.72 | L21: CAIXA ENTERRADA ELÉTRICA RETANGULAR, EM CONCRETO PRÉ-MOLDADO, FUNDO COM BRITA, DIMENSÕES INTERNAS: 0,4X0,4X0,4 M. AF_12/2020 | M21: CAIXA ENTERRADA ELÉTRICA RETANGULAR, EM CONCRETO PRÉ-MOLDADO, FUNDO COM BRITA, DIMENSÕES INTERNAS: 0,4X0,4X0,4 M. AF_12/2020
A22: 1.8 | B22: ESCAVAÇÃO MANUAL DE VALA. AF_09/2024 | C22: m³ | D22: 60 | E22: 104.25 | F22: 6255 | G22: SINAPI-dez/2025 | H22: 93358 | I22: SINAPI | J22: M³ | K22: 85.87 | L22: ESCAVAÇÃO MANUAL DE VALA. AF_09/2024 | M22: ESCAVAÇÃO MANUAL DE VALA. AF_09/2024
A23: 1.9 | B23: REATERRO MANUAL DE VALAS, COM PLACA VIBRATÓRIA. AF_08/2023 | C23: m³ | D23: 60 | E23: 26.45 | F23: 1587 | G23: SINAPI-dez/2025 | H23: 104737 | I23: SINAPI | J23: M³ | K23: 21.79 | L23: REATERRO MANUAL DE VALAS, COM PLACA VIBRATÓRIA. AF_08/2023 | M23: REATERRO MANUAL DE VALAS, COM PLACA VIBRATÓRIA. AF_08/2023
A24: 1.10 | B24: CABO DE COBRE FLEXÍVEL ISOLADO, 6 MM², ANTI-CHAMA 0,6/1,0 KV, PARA CIRCUITOS TERMINAIS - FORNECIMENTO E INSTALAÇÃO. AF_03/2023 | C24: m | D24: 1200 | E24: 13.68 | F24: 16416 | G24: SINAPI-dez/2025 | H24: 91931 | I24: SINAPI | J24: M | K24: 11.27 | L24: CABO DE COBRE FLEXÍVEL ISOLADO, 6 MM², ANTI-CHAMA 0,6/1,0 KV, PARA CIRCUITOS TERMINAIS - FORNECIMENTO E INSTALAÇÃO. AF_03/2023 | M24: CABO DE COBRE FLEXÍVEL ISOLADO, 6 MM², ANTI-CHAMA 0,6/1,0 KV, PARA CIRCUITOS TERMINAIS - FORNECIMENTO E INSTALAÇÃO. AF_03/2023
A25: 1.11 | B25: ELETRODUTO FLEXÍVEL LISO, PEAD, DN 32 MM (1"), PARA CIRCUITOS TERMINAIS, INSTALADO EM LAJE - FORNECIMENTO E INSTALAÇÃO. AF_03/2023 | C25: m | D25: 500 | E25: 10.95 | F25: 5475 | G25: SINAPI-dez/2025 | H25: 91849 | I25: SINAPI | J25: M | K25: 9.02 | L25: ELETRODUTO FLEXÍVEL LISO, PEAD, DN 32 MM (1"), PARA CIRCUITOS TERMINAIS, INSTALADO EM LAJE - FORNECIMENTO E INSTALAÇÃO. AF_03/2023 | M25: ELETRODUTO FLEXÍVEL LISO, PEAD, DN 32 MM (1"), PARA CIRCUITOS TERMINAIS, INSTALADO EM LAJE - FORNECIMENTO E INSTALAÇÃO. AF_03/2023
A26: 1.12 | B26: CAIXA DE PROTEÇÃO PARA MEDIDOR MONOFÁSICO DE EMBUTIR - FORNECIMENTO E INSTALAÇÃO. AF_07/2025 | C26: un | D26: 1 | E26: 196.19 | F26: 196.19 | G26: SINAPI-dez/2025 | H26: 101938 | I26: SINAPI | J26: UN | K26: 161.61 | L26: CAIXA DE PROTEÇÃO PARA MEDIDOR MONOFÁSICO DE EMBUTIR - FORNECIMENTO E INSTALAÇÃO. AF_07/2025 | M26: CAIXA DE PROTEÇÃO PARA MEDIDOR MONOFÁSICO DE EMBUTIR - FORNECIMENTO E INSTALAÇÃO. AF_07/2025
A27: 1.13 | B27: ABRIGO PARA QUADRO ELETRICO EM ALVENARIA COBERTURA DE LAJE, PORTA TIPO GRADE | C27: un | D27: 1 | E27: 911.09 | F27: 911.09 | G27: CM-1 | H27: CM-1 | J27: UN | K27: 750.49 | L27: ABRIGO PARA QUADRO ELETRICO EM ALVENARIA COBERTURA DE LAJE, PORTA TIPO GRADE | M27: 0
A28: SUB-TOTAL DO ORÇAMENTO - INSTALAÇÃO ELÉTRICA - PRAÇA COM BDI 21,4% | F28: 102346.48
A30: SUB-TOTAL DO ORÇAMENTO - PLANILHA RESUMO DAS INSTALAÇÕES ELÉTRICAS - OBRA: CONSTRUÇÃO DE PRAÇA DE EVENTOS NO MUNICÍPIO DE CURRALINHOS - PI COM BDI 21,4% | F30: 102346.48
A32: CONVERSÕES:
A33: CM = COMPOSIÇÃO MONTADA | C33: CA = COMPOSIÇÃO ADAPTADA
B98: 0

Sheet COMPOSIÇÕES REDE
A1: ESTADO DO PIAUÍ
A2: PREFEITURA MUNICIPAL DE CURRALINHOS
F4: FONTES DE CUSTO:
A5: OBRA: CONSTRUÇÃO DE PRAÇA DE EVENTOS NO MUNICÍPIO DE CURRALINHOS - PI | F5: SINAPI : DEZEMBRO/2025
A6: LOCAL: SEDE DO MUNICÍPIO | F6: ORSE : NOVEMBRO/2025
F7: SEINFRA-CE : 0.28/2022
A8: PROPOSTA: 056430/2025 | F8: LSO : 113,33% -S/ DESON
F9: BDI : 21,4%
A11: COMPOSIÇÕES DE CUSTO UNITÁRIO DA INSTALAÇÃO ELÉTRICA
A13: CA-1 | B13: 577 | C13: ORSE | D13: LUMINÁRIA FECHADA, EM ALUMÍNIO, C/ 3 PÉTALA DE LED 150W, P/ ILUMINAÇÃO DE AVENIDAS E PRAÇAS C/ DIFUSOR DE ACRÍLICO COM RELÉ FOTOELÉTRICO INDIVIDUAL SUPORTE FIXAÇÃO Ø60,3mm | G13: UNIDADE: | H13: UN | I13: CA-1 | J13: (577-ORSE) | K13: UN | L13: 956.42 | M13: LUMINÁRIA FECHADA, EM ALUMÍNIO, C/ 3 PÉTALA DE LED 150W, P/ ILUMINAÇÃO DE AVENIDAS E PRAÇAS C/ DIFUSOR DE ACRÍLICO COM RELÉ FOTOELÉTRICO INDIVIDUAL SUPORTE FIXAÇÃO Ø60,3mm
A14: COD | B14: TIPO | C14: REFERÊNCIA | D14: MATERIAIS | E14: UNID. | F14: CONSUMO | G14: P. UNIT. | H14: CUSTOS
A15: COT. 1 | B15: INS | C15: M. LOCAL | D15: LUMINÁRIA DE LED PÚBLICA IP65 150W 220V | E15: UN | F15: 3 | G15: 158.9 | H15: 476.7
A16: 13558 | B16: INS | C16: ORSE | D16: SUPORTE DE FIXAÇÃO EM CHAPA DE AÇO GALVANIZADO, PARA 03 LUMINÁRIA, ENCAIXE EM POSTE COM TOPO DE Ø DE 48MM/60,3MM EXTERNO, CODIGO SUP03, DA AMES ILUMINAÇÃO OU SIMILAR | E16: UN | F16: 1 | G16: 125,02 | H16: 125.02
A17: 2510 | B17: INS | C17: SINAPI | D17: RELE FOTOELETRICO INTERNO E EXTERNO BIVOLT 1000 W, DE CONECTOR, SEM BASE | E17: UN | F17: 3 | G17: 35,27 | H17: 105.81
A18: 3804 | B18: INS | C18: ORSE | D18: CABO DE COBRE PP CORDPLAST 2 X 2,5 MM², 450/750V | E18: M | F18: 18 | G18: 5,8 | H18: 104.4
D19: SUB-TOTAL (MATERIAIS) | H19: 811.93
D20: MÃO DE OBRA
A21: 88316 | B21: COMP | C21: SINAPI | D21: SERVENTE COM ENCARGOS COMPLEMENTARES | E21: H | F21: 2.95 | G21: 21,71 | H21: 64.04
A22: 88264 | B22: COMP | C22: SINAPI | D22: ELETRICISTA COM ENCARGOS COMPLEMENTARES | E22: H | F22: 2.9 | G22: 27,74 | H22: 80.45
D23: SUB-TOTAL (MÃO DE OBRA) | H23: 144.49
A25: PREÇO TOTAL S/ BDI | H25: 956.42 | I25: 123.58 | J25: 832.84
A26: 21.4 | H26: 204.67
A27: PREÇO TOTAL C/ BDI | H27: 1161.09
A29: CM-1 | D29: ABRIGO PARA QUADRO ELETRICO EM ALVENARIA COBERTURA DE LAJE, PORTA TIPO GRADE | G29: UNIDADE: | H29: UN | I29: CM-1 | J29: 0 | K29: UN | L29: 750.49 | M29: ABRIGO PARA QUADRO ELETRICO EM ALVENARIA COBERTURA DE LAJE, PORTA TIPO GRADE
A30: COD | B30: TIPO | C30: REFERÊNCIA | D30: MATERIAIS | E30: UNID. | F30: CONSUMO | G30: P. UNIT. | H30: CUSTOS
A31: 94962 | B31: COMP | C31: SINAPI | D31: CONCRETO MAGRO PARA LASTRO, TRAÇO 1:4,5:4,5 (EM MASSA SECA DE CIMENTO/ AREIA MÉDIA/ BRITA 1) - PREPARO MECÂNICO COM BETONEIRA 400 L. AF_05/2021 | E31: M³ | F31: 0.0314 | G31: 542,91 | H31: 17.05
A32: 103319 | B32: COMP | C32: SINAPI | D32: ALVENARIA DE VEDAÇÃO DE BLOCOS VAZADOS DE CONCRETO DE 14X19X39 CM (ESPESSURA 14 CM) E ARGAMASSA DE ASSENTAMENTO COM PREPARO MANUAL. AF_12/2021 | E32: M² | F32: 0.32 | G32: 91,19 | H32: 29.18
A33: 103323 | B33: COMP | C33: SINAPI | D33: ALVENARIA DE VEDAÇÃO DE BLOCOS CERÂMICOS FURADOS NA VERTICAL DE 9X19X39 CM (ESPESSURA 9 CM) E ARGAMASSA DE ASSENTAMENTO COM PREPARO MANUAL. AF_12/2021 | E33: M² | F33: 2.88 | G33: 65,62 | H33: 188.99
A34: 87878 | B34: COMP | C34: SINAPI | D34: CHAPISCO APLICADO EM ALVENARIAS E ESTRUTURAS DE CONCRETO INTERNAS, COM COLHER DE PEDREIRO. ARGAMASSA TRAÇO 1:3 COM PREPARO MANUAL. AF_10/2022 | E34: M² | F34: 2.88 | G34: 5,25 | H34: 15.12
A35: 87530 | B35: COMP | C35: SINAPI | D35: MASSA ÚNICA, EM ARGAMASSA TRAÇO 1:2:8, PREPARO MANUAL, APLICADA MANUALMENTE EM PAREDES INTERNAS DE AMBIENTES COM ÁREA ENTRE 5M² E 10M², E = 17,5MM, COM TALISCAS. AF_03/2024 | E35: M² | F35: 2.88 | G35: 41,51 | H35: 119.55
A36: 95626 | B36: COMP | C36: SINAPI | D36: APLICAÇÃO MANUAL DE TINTA LÁTEX ACRÍLICA EM PAREDE EXTERNAS DE CASAS, DUAS DEMÃOS. AF_03/2024 | E36: M² | F36: 6.11 | G36: 15,28 | H36: 93.36
D37: SUB-TOTAL (MATERIAIS) | H37: 463.25
D38: MÃO DE OBRA
A39: 88316 | B39: COMP | C39: SINAPI | D39: SERVENTE COM ENCARGOS COMPLEMENTARES | E39: H | F39: 5.661 | G39: 21,71 | H39: 122.9
A40: 88309 | B40: COMP | C40: SINAPI | D40: PEDREIRO COM ENCARGOS COMPLEMENTARES | E40: H | F40: 6 | G40: 27,39 | H40: 164.34
D41: SUB-TOTAL (MÃO DE OBRA) | H41: 287.24
A43: PREÇO TOTAL S/ BDI | H43: 750.49 | I43: 123.58 | J43: 626.91
A44: 21.4 | H44: 160.6
A45: PREÇO TOTAL C/ BDI | H45: 911.09
A47: CONVERSÕES:
A48: CM = COMPOSIÇÃO MONTADA | D48: ORSE = ORÇAMENTO DE OBRAS DE SERGIPE | E48: CA = COMPOSIÇÃO ADAPTADA
A49: INS = INSUMO | E49: COMP = COMPOSIÇÃO
C134: 995
C914: 3379 | F914: 28.24

Sheet Cotação aparelhos
A4: OBRA: CONSTRUÇÃO DE PRAÇA DE EVENTOS NO MUNICÍPIO DE CURRALINHOS - PI
A5: LOCAL: SEDE DO MUNICÍPIO
A7: PROPOSTA: 056430/2025
A9: NOTA TÉCNICA
A12: ATRAVÉS DA PRESENTE NOTA TÉCNICA INFORMAMOS QUE OS PREÇOS RELATIVOS A LUMINÁRIA DE LED PÚBLICA IP65 150W 220V FORAM OBTIDOS ATRAVÉS DE COTAÇÃO. O PREÇO PARA A PLANILHA ORÇAMENTÁRIA, FOI ADQUIRIDO PELA MEDIANA DOS VALORES DA PESQUISA. CONFORME COTAÇÕES EM ANEXO.
A17: LUMINÁRIA DE LED PÚBLICA IP65 150W 220V
A18: 1.1 | B18: SUSTENTALED | G18: 119.69
A19: 1.2 | B19: COMBINADO | G19: 161.02
A20: 1.3 | B20: ISITRON | G20: 158.9
A21: COT. 1 | E21: PREÇO | G21: 158.9
A23: COTAÇÃO DE PREÇOS REALIZA FEVEREIRO/2026

Sheet Cotação 1
A1: ESTADO DO PIAUÍ
A2: PREFEITURA MUNICIPAL DE CURRALINHOS
A4: OBRA: CONSTRUÇÃO DE PRAÇA DE EVENTOS NO MUNICÍPIO DE CURRALINHOS - PI
A5: LOCAL: SEDE DO MUNICÍPIO
A7: PROPOSTA: 056430/2025
A8: CONVÊNIO: 983736/2025
A9: COTAÇÃO DE PREÇOS - OBRA: CONSTRUÇÃO DE PRAÇA DE EVENTOS NO MUNICÍPIO DE CURRALINHOS - PI
A11: ITEM | B11: LOJA | C11: PRODUTO | D11: UNIDADE | E11: PREÇO UNITÁRIO | F11: REFERÊNCIA | K11: ACESSO
A12: 1.1 | B12: SUSTENTALED | C12: Luminária Publica LED 150W Para Poste SMD Slim | D12: UN | E12: 119.69 | K12: https://www.sustentaled.com.br/luminaria-publica-led-150w-para-poste-smd-slim-com-rele-fotocelula-embutido-ip67-branco-frio-6000k?utm_source=Site&utm_medium=GoogleMerchant&utm_campaign=GoogleMerchant&srsltid=AfmBOooKs9kZSFeQJFfOVbVKh6Pf2Ueivya2pr7NITbvMhLEIZvFcWBX2o0
A13: 1.2 | B13: COMBINADO | C13: Luminaria Publica LED 150w SMD IP67 | D13: UN | E13: 161.02 | K13: https://www.combinado.com.br/luminaria-publica-led/luminaria-publica-led-150w-ip67-zy-com-fotocelula
A14: 1.3 | B14: ISITRON | C14: Luminária Led 150W Smd Base fixa uso geral | D14: UN | E14: 158.9 | K14: https://www.isitron.com.br/luminaria-led-150w-smd-base-fixa-uso-geral
B15: COTAÇÃO DE PREÇOS REALIZA FEVEREIRO/2026
